 Dungeon Crawl Stone Soup version 0.31-a0-365-gcf821ca (webtiles) character file.

Game seed: 5083874450109894770

12032 Dorkslayer the Covert (level 11, -8/70 HPs)
             Began as an Octopode Shapeshifter on July 27, 2023.
             Was a High Priest of Wu Jian.
             Mangled by PublicAnimeNo1's ghost (25 damage)
             ... on level 11 of the Dungeon.
             The game lasted 00:32:52 (10714 turns).

Dorkslayer the Covert (Octopode Shapeshifter)      Turns: 10714, Time: 00:32:52

Health: -8/70      AC:  1    Str: 30    XL:     11   Next: 87%
Magic:  15/15      EV: 20    Int: 10    God:    Wu Jian [*****.]
Gold:   538        SH:  5    Dex: 14    Spells: 16/16 levels left

rFire   + .          .
                       - Unarmed
rCold   + . .        (no shield)
rNeg    . . .        (helmet currently unavailable)
rPois   +            L - amulet of reflection
rElec   .            j - +5 ring of evasion
rCorr   .            h - +6 ring of strength
SInv    .            p - ring of protection from fire
Will    +....        x - ring of poison resistance
Stlth   ++++++       y - +6 ring of strength
HPRegen 0.31/turn    A - ring of protection from cold
MPRegen 0.14/turn    C - ring of flight
                     E - ring of willpower

%: reflection
@: beast-form, flying
A: beast (slay +4), almost no armour, amphibious, 8 rings, camouflage 1,
gelatinous body 1, (nimble swimmer 1), tentacles
a: Begin Untransformation, Renounce Religion, Wall Jump, Serpent's Lash,
Heavenly Storm


You were on level 11 of the Dungeon.
You worshipped Wu Jian.
Wu Jian was extremely pleased with you.
You were a hulking beast.
You visited 2 branches of the dungeon, and saw 12 of its levels.

You collected 850 gold pieces.
You spent 312 gold pieces at shops.

Inventory:

Missiles
 g - 8 boomerangs
 k - a throwing net
 u - 2 javelins
 G - 4 curare-tipped darts (quivered)
Jewellery
 h - a +6 ring of strength (right tentacle)
 j - a +5 ring of evasion (left tentacle)
 p - a ring of protection from fire (on tentacle)
 x - a ring of poison resistance (on tentacle)
 y - a +6 ring of strength (on tentacle)
 A - a ring of protection from cold (on tentacle)
 C - a ring of flight (on tentacle)
 E - a ring of willpower (on tentacle)
 L - an amulet of reflection (around mantle)
Talismans
 b - a beast talisman
 z - a blade talisman
Wands
 n - a wand of flame (20)
 I - a wand of mindburst (18)
Scrolls
 c - 5 scrolls of fear
 f - a scroll of revelation
 i - 2 scrolls of butterflies
 q - a scroll of torment {unknown}
 s - 2 scrolls of silence
 t - 2 scrolls of amnesia
 B - 4 scrolls of teleportation
 J - a scroll of immolation {unknown}
 K - a scroll of enchant weapon {unknown}
 M - a scroll of blinking
 N - a scroll of identify
Potions
 a - a potion of lignification
 d - 4 potions of curing
 e - 5 potions of enlightenment
 l - a potion of magic {unknown}
 m - a potion of brilliance {unknown}
 r - 2 potions of ambrosia
 v - a potion of mutation
 F - a potion of cancellation
 H - 4 potions of might {unknown}


   Skills:
 + Level 4.8 Fighting
 + Level 2.1 Throwing
 + Level 6.4 Dodging
 + Level 11.9 Stealth
 + Level 10.9 Unarmed Combat
 + Level 3.0 Spellcasting
 * Level 8.5 Evocations
 + Level 6.2 Shapeshifting


You had 16 spell levels left.
You didn't know any spells.
Your spell library contained the following spells:

 Spells                   Type           Power      Damage    Failure   Level
 Apportation              Tloc           2%         N/A       28%         1
 Freeze                   Ice            4%         1d3       28%         1
 Necrotise                Necr           4%         1d4       28%         1
 Shock                    Conj/Air       4%         1d3       28%         1
 Summon Small Mammal      Summ           4%         N/A       28%         1
 Cigotuvi's Dreadful Rot  Necr/Pois/Air  2%         N/A       38%         2
 Static Discharge         Conj/Air       2%         2-3/arc   38%         2
 Sublimation of Blood     Necr           1%         N/A       38%         2
 Dazzling Flash           Conj/Hex       2%         N/A       63%         3
 Frozen Ramparts          Ice            2%         1d1       63%         3
 Hailstorm                Conj/Ice       1%         3d3       63%         3
 Ozocubu's Armour         Ice            1%         N/A       63%         3
 Volatile Blastmotes      Fire/Tloc      2%         2d10      63%         3
 Airstrike                Air            0%         2d(1-17)  95%         4
 Dispel Undead            Necr           1%         3d6       95%         4
 Petrify                  Tmut/Erth      1%         N/A       95%         4
 Summon Lightning Spire   Summ/Air       1%         N/A       95%         4
 Alistair's Intoxication  Tmut/Pois      0%         N/A       100%        5
 Borgnjor's Vile Clutch   Necr/Erth      0%         N/A       100%        5
 Irradiate                Conj/Tmut      0%         3d11      100%        5
 Death Channel            Necr           0%         N/A       100%        6
 Eringya's Noxious Bog    Tmut/Pois      0%         4d6       100%        6
 Starburst                Conj/Fire      0%         6d3       100%        6
 Ozocubu's Refrigeration  Ice            0%         4d7       100%        7
 Maxwell's Capacitive Co  Air            0%         ∞         100%        8


Dungeon Overview and Level Annotations

Branches:
Dungeon (11/15)            Temple (1/1) D:6            Lair (0/5) D:8
    Orc (0/2) D:10

Altars:
Ashenzari
Cheibriados
Dithmenos
Elyvilon
Fedhas
Gozag
Hepliaklqana
Kikubaaqudgha
Makhleb
Nemelex Xobeh
Okawaru
Qazlal
Ru
Sif Muna
Trog
Uskayaw
Vehumet
Wu Jian
Xom
Yredelemnul
Zin
The Shining One

Shops:
D:2 [   D:8 *

Annotations:
D:11 PublicAnimeNo1's ghost, journeyman MiSh


Innate Abilities, Weirdness & Mutations

You are a hulking beast.
Your limbs bulge with bestial killing power. (Slay +4)
You cannot wear most types of armour.
You are amphibious.
You can wear up to eight rings at the same time.
Your skin changes colour to match your surroundings (Stealth+).
Your rubbery body absorbs attacks. (AC +1, EV +1)
((You are camouflaged when in or above water. (Stealth+)))
You have tentacles for arms and can constrict up to eight enemies at once.


Message History

You kill the kobold brigand!
The Council accepts your kill. PublicAnimeNo1's ghost misses you.
You tentacle-slap PublicAnimeNo1's ghost but do no damage.
You squeeze PublicAnimeNo1's ghost!!
PublicAnimeNo1's ghost is heavily damaged.
PublicAnimeNo1's ghost misses you.
You bludgeon PublicAnimeNo1's ghost! You squeeze PublicAnimeNo1's ghost!
PublicAnimeNo1's ghost is severely damaged.
The kobold brigand completely misses you.
PublicAnimeNo1's ghost barely misses you.
You tentacle-slap PublicAnimeNo1's ghost.
PublicAnimeNo1's ghost is severely damaged.
You miss PublicAnimeNo1's ghost.
PublicAnimeNo1's ghost is severely damaged.
PublicAnimeNo1's ghost hits you!
You tentacle-slap PublicAnimeNo1's ghost.
PublicAnimeNo1's ghost is severely damaged.
The kobold brigand hits you with a +3 short sword!
PublicAnimeNo1's ghost hits you!!
* * * LOW HITPOINT WARNING * * *
Unknown command.
You feel better. The kobold brigand barely misses you.
You block the kobold brigand's attack.
The kobold brigand throws a poisoned dart.
You block the poisoned dart with an invisible shield... and reflect it back!
The poisoned dart hits the kobold brigand!
The kobold brigand is poisoned.
The kobold brigand throws a poisoned dart.
The poisoned dart hits you!
You feel better.
The kobold brigand zaps a wand.
You resist with almost no effort.
The kobold brigand throws a poisoned dart.
You block the poisoned dart with an invisible shield... and reflect it back!
The poisoned dart hits the kobold brigand!
The kobold brigand is poisoned.
The kobold brigand is no longer covered in acid.
PublicAnimeNo1's ghost attacks as you move away!
PublicAnimeNo1's ghost hits you!!
You die...

.................#
.................##
..................###
....................###
..>...................##
...........#............
#........##..........##
##......###..........#
#......####..K.Wh....#
....#.## #<..KK#####.#
...##.# #..)K##)⌠.#
.####.# #..).#K#.#.#
####..## #.[.)K..#..
###....# #....'.....?#
##.....# #....'..#..[#
#....#.# ###..#.#.#.##
##..##.# ##.##.⌠.##


You could see a kobold demonologist, 3 kobold brigands and PublicAnimeNo1's
ghost.

Vanquished Creatures
  Fannar (D:10)
  Sonja (D:10)
  Amaemon (D:8)
  Pikel (D:6)
  Joseph (D:8)
  An orange demon (D:8)
  A kobold demonologist (D:8)
  3 trolls
  Prince Ribbit (D:6)
  A blink frog (shapeshifter) (D:11)
  Sigmund (D:6)
  3 wyverns
  5 humans (D:9)
  Grum (D:10)
  2 water moccasins
  2 ice beasts
  A black bear (D:5)
  14 orc warriors
  A sky beast (D:7)
  2 wolves (D:10)
  3 ogres
  2 lemures (D:6)
  3 centaurs
  2 phantoms
  18 kobold brigands
  A bullfrog (D:6)
  4 scorpions
  A gnoll sergeant (D:9)
  4 wights (D:8)
  9 killer bees
  3 howler monkeys
  2 jellies
  4 hounds
  10 orc priests
  A sleepcap (D:7)
  6 iguanas
  19 orc wizards
  11 gnolls
  9 adders
  2 ufetubi (D:5)
  2 worms (D:4)
  3 dart slugs (D:4)
  66 orcs
  5 ball pythons
  3 bats
  6 endoplasms
  6 giant cockroaches
  8 goblins
  6 hobgoblins
  A quokka (D:2)
  25 kobolds
  7 rats
296 creatures vanquished.

Vanquished Creatures (others)
  A wolf (D:10)
  2 kobold brigands
  An orc wizard (D:7)
4 creatures vanquished.

Grand Total: 300 creatures vanquished

Notes
Turn   | Place    | Note
-------+----------+-------------------------------------------
     0 | D:1      | Dorkslayer the Octopode Shapeshifter began the quest for
                  | the Orb.
     0 | D:1      | Reached XP level 1. HP: 13/13 MP: 1/1
   206 | D:1      | Reached XP level 2. HP: 18/18 MP: 2/2
   464 | D:1      | Found a faded altar of an unknown god.
   513 | D:2      | Reached skill level 5 in Stealth
   513 | D:2      | Reached skill level 5 in Unarmed Combat
   513 | D:2      | Reached XP level 3. HP: 27/27 MP: 2/7
   590 | D:2      | Found Ceamiu's Armour Shoppe.
   609 | D:2      | Found a blossoming altar of Fedhas.
   815 | D:2      | Reached XP level 4. HP: 33/33 MP: 8/8
  1129 | D:3      | Found a basalt altar of Yredelemnul.
  1303 | D:3      | Found a stormy altar of Qazlal.
  1540 | D:3      | Reached XP level 5. HP: 37/37 MP: 9/9
  1618 | D:3      | Found a broken altar of Ashenzari.
  2077 | D:4      | You fall into a shaft and drop 2 floors!
  2093 | D:6      | Reached XP level 6. HP: 41/43 MP: 10/10
  2119 | D:6      | Reached skill level 6 in Stealth
  2259 | D:6      | Noticed a water moccasin
  2280 | D:6      | Noticed Prince Ribbit
  2281 | D:6      | Found a staircase to the Ecumenical Temple.
  2299 | D:6      | Killed Prince Ribbit
  2300 | D:6      | Reached skill level 1 in Evocations
  2300 | D:6      | Reached skill level 5 in Shapeshifting
  2300 | D:6      | Reached XP level 7. HP: 33/47 MP: 11/11
  2316 | Temple   | Entered the Ecumenical Temple
  2330 | Temple   | Became a worshipper of the Wu Jian Council
  2384 | D:6      | Noticed Pikel
  2393 | D:6      | Killed Pikel
  2394 | D:6      | Reached skill level 7 in Stealth
  2394 | D:6      | Reached XP level 8. HP: 21/54 MP: 12/12
  2492 | D:5      | Entered Level 5 of the Dungeon
  3112 | D:4      | Reached * piety under Wu Jian
  3353 | D:4      | Found a hazy altar of Hepliaklqana.
  3353 | D:4      | Found an ancient bone altar of Kikubaaqudgha.
  3372 | D:4      | Reached XP level 9. HP: 13/58 MP: 13/13
  3377 | D:4      | Identified the +9 great sword "Yruomid" {freeze, *Slow rN++
                  | Str+3}
  3860 | D:5      | Found a snail-covered altar of Cheibriados.
  3949 | D:5      | Reached skill level 8 in Stealth
  4369 | D:5      | Found a glowing silver altar of Zin.
  4377 | D:5      | Found a sparkling altar of Nemelex Xobeh.
  4422 | D:6      | Noticed Sigmund
  4431 | D:6      | Killed Sigmund
  4505 | D:6      | Reached skill level 5 in Dodging
  4505 | D:6      | Reached skill level 9 in Stealth
  4892 | D:7      | Found a shimmering altar of Xom.
  4892 | D:7      | Found a shimmering altar of Xom.
  4892 | D:7      | Found a shimmering altar of Xom.
  4893 | D:7      | Found a shimmering altar of Xom.
  4893 | D:7      | Found a shimmering altar of Xom.
  4893 | D:7      | Found a shimmering altar of Xom.
  5006 | D:7      | Found an iron altar of Okawaru.
  5114 | D:7      | Found a shimmering blue altar of Sif Muna.
  5325 | D:7      | Reached skill level 5 in Evocations
  5378 | D:7      | Reached ** piety under Wu Jian
  5379 | D:7      | Reached skill level 10 in Stealth
  5379 | D:7      | Reached XP level 10. HP: 63/63 MP: 14/14
  5902 | D:7      | Got Sif Muna's Vellum of the Shot
  5959 | D:7      | Noticed a swamp dragon
  6011 | D:8      | Found Hiruy's Assorted Antiques.
  6030 | D:8      | Bought a potion of heal wounds for 120 gold pieces
  6030 | D:8      | Bought a glass ring for 120 gold pieces
  6030 | D:8      | Bought a scroll of teleportation for 72 gold pieces
  6545 | D:8      | Reached skill level 11 in Stealth
  6559 | D:8      | Noticed an orange demon
  6569 | D:8      | Noticed Amaemon
  6571 | D:8      | Killed an orange demon
  6588 | D:8      | HP: 3/63 [Amaemon/+1 demon whip of venom (18)]
  6591 | D:8      | Killed Amaemon
  6834 | D:8      | Noticed Joseph
  6837 | D:8      | Found a staircase to the Lair.
  6849 | D:8      | Killed Joseph
  7186 | D:8      | Noticed a kobold demonologist
  7204 | D:8      | Reached *** piety under Wu Jian
  7209 | D:8      | Killed a kobold demonologist
  7220 | D:8      | Reached XP level 11. HP: 48/70 MP: 15/15
  7504 | D:9      | Reached skill level 1 in Throwing
  8319 | D:9      | Reached **** piety under Wu Jian
  8565 | D:9      | Found a radiant altar of Vehumet.
  8741 | D:10     | Entered Level 10 of the Dungeon
  8865 | D:10     | Reached skill level 10 in Unarmed Combat
  9047 | D:10     | Found a burning altar of Makhleb.
  9113 | D:10     | Noticed Grum
  9116 | D:10     | Noticed Sonja
  9141 | D:10     | Killed Grum
  9143 | D:10     | Killed Sonja
  9307 | D:10     | Noticed Fannar
  9312 | D:10     | Killed Fannar
  9803 | D:10     | Found a staircase to the Orcish Mines.
 10417 | D:11     | Reached ***** piety under Wu Jian
 10601 | D:11     | Identified the +2 robe "Ogerafaa" {rF+ rCorr Dex-4}
 10684 | D:11     | Found a runed translucent gate.
 10684 | D:11     | Noticed PublicAnimeNo1's ghost (journeyman MiSh)
 10685 | D:11     | Found a runed translucent gate.
 10686 | D:11     | Found a runed translucent gate.
 10708 | D:11     | HP: 3/70 [PublicAnimeNo1's ghost (19)]
 10714 | D:11     | Mangled by PublicAnimeNo1's ghost

Illustrated notes

Levels and vault maps discovered:
D:1:      dpeg_arrival_lava_temple_mockup, layout_rooms,
          dreamdust_ecumenical_altar_angels_and_demons, chequers_big_river,
          chequers_serial_rivers_large_a, amcnicky_mini_pool_small
D:2:      layout_basic, basic_altar, serial_shops, nicolae_diamond_shop,
          kennysheep_crisscross
D:3:      layout_basic, evilmike_ruin_ashenzari, general_overflow_altar,
          nicolae_overflow_crystal_walls, amcnicky_mini_rare_corridor_liquid,
          minmay_misc_feat_room, st_stairs_4
D:4:      minmay_razor_zed, layout_basic, jmf_multi_god_temple
D:5:      layout_basic, cheibriados_altar_2, mainiacjoe_overflow_big_doors,
          grunt_decor_one_mirror, serial_park_tiny_1
D:6:      kennysheep_six_static_rooms, layout_basic, minmay_temple_entry_trees,
          uniq_pikel, uniq_prince_ribbit1, uniq_sigmund
D:7:      layout_basic, xom_shifter_show, led_sif_book,
          mainiacjoe_overflow_catwalk
D:8:      layout_loops_corners, lair_entry_dummy, special_room
          [special_room_kobold], serial_shops, shop, st_stairs_13, uniq_joseph,
          uniq_amaemon
D:9:      layout_loops_corners, nicolae_vehumet_radiance, nrook_campfire,
          minmay_ruffians
D:10:     layout_layer_cave, mainiacjoe_overflow_boulevard, david_orc_4,
          uniq_sonja, uniq_fannar, uniq_grum
D:11:     layout_cave_pods, special_room [special_room_orc],
          gammafunk_ghost_nasty_kobolds
Temple:   dpeg_three_leaves_temple

Skill      XL: |  1  2  3  4  5  6  7  8  9 10 11 |
---------------+----------------------------------+-----
Fighting       | 3 4 |  4.8
Dodging        | 4 5 6 |  6.4
Stealth        | 5 6 7 10 11 | 11.9
Unarmed Combat | 5 6 7 8 9 10 | 10.9
Spellcasting   | 3 |  3.0
Shapeshifting  | 4 5 6 |  6.2
Evocations     | 1 2 3 5 7 8 |  8.5
Throwing       | 2 |  2.1

Action                     |  1- 3 |  4- 6 |  7- 9 | 10-12 || total
---------------------------+-------+-------+-------+-------++-------
  Melee: Unarmed           |    38 |    67 |   140 |   268 ||   513
         Tentacles         |     7 |    20 |    29 |    54 ||   110
         Constrict         |     6 |    20 |    31 |    66 ||   123
         Punch             |       |       |     9 |    12 ||    21
  Throw: Javelin           |       |       |       |     6 ||     6
         Dart              |       |       |       |    19 ||    19
Ability: Lunge             |       |       |    27 |    32 ||    59
         Whirlwind         |       |       |     2 |    12 ||    14
  Evoke: Wand              |       |       |     2 |    21 ||    23
    Use: Scroll            |     4 |     7 |     3 |     5 ||    19
         Potion            |     1 |     2 |       |     8 ||    11
   Stab: Sleeping          |     8 |     9 |    31 |     7 ||    55
 Armour: Skin              |     4 |     1 |     5 |     8 ||    18
  Dodge: Dodged            |    25 |    42 |    68 |   180 ||   315
  Block: Other             |       |       |       |     7 ||     7
         Reflection        |       |       |       |     2 ||     2

Table legend: (Time is in decaauts)
 A = Elapsed time spent in this place.
 B = Non-inter-level travel time spent in this place.
 C = Inter-level travel time spent in this place.
 D = Time resting spent in this place.
 E = Time spent auto-exploring this place.
 F = Levels seen in this place.
 G = Mean time per level.
                   A        B        C        D        E       F      G
               +--------+--------+--------+--------+--------+-----+--------+
         Total |  10618 |  10618 |      0 |   1011 |   5001 |  12 |  884.8 |
       Dungeon |  10599 |  10599 |      0 |   1011 |   5001 |  11 |  963.5 |
        Temple |     18 |     18 |      0 |      0 |      0 |   1 |   18.0 |
               +--------+--------+--------+--------+--------+-----+--------+

Top non-repeatable levels by time:
    D:10: 1558 daAuts
     D:9: 1382 daAuts
     D:8: 1338 daAuts
     D:7: 1119 daAuts
     D:4: 1106 daAuts
     D:5: 1030 daAuts
     D:6: 843 daAuts
     D:3: 781 daAuts
     D:2: 546 daAuts
     D:1: 506 daAuts
    D:11: 385 daAuts
  Temple: 18 daAuts
